 Dungeon Crawl Stone Soup version 0.29-a0-266-gf56f883ddd (webtiles) character file.

Game seed: 14779863969319224356

56 Crownlay the Digger (level 3, -2/19 HPs)
             Began as a Gargoyle Earth Elementalist on Mar 6, 2022.
             Slain by an orc
             ... wielding a +0 trident
              (5 damage)
             ... on level 3 of the Dungeon.
             The game lasted 00:01:57 (2500 turns).

Crownlay the Digger (Gargoyle Earth Elementalist)   Turns: 2500, Time: 00:01:57

Health: -2/19      AC:  6    Str: 11    XL:     3   Next: 97%
Magic:  7/7        EV: 11    Int: 17    God:
Gold:   138        SH:  0    Dex: 10    Spells: 7/8 levels left

rFire   . . .      SeeInvis .   e - +1 short sword (venom)
rCold   . . .      Faith    .   (no shield)
rNeg    + . .      Spirit   .   b - +0 robe
rPois   ∞          Reflect  .   m - +0 helmet
rElec   +          Harm     .   (no cloak)
rCorr   .          Rampage  .   (no gloves)
Will    .....                   (no boots)
Stlth   +.........              (no amulet)
HPRegen 0.06/turn               (no ring)
MPRegen 0.10/turn               (no ring)

@: confused
A: sickness immunity, AC +3, negative energy resistance 1, electricity
resistance, torment resistance 1, petrification resistance
a: no special abilities


You were on level 3 of the Dungeon.
You visited 1 branch of the dungeon, and saw 3 of its levels.

You collected 138 gold pieces.

Inventory:

Hand Weapons
 e - a +1 short sword of venom (weapon)
Missiles
 a - 92 stones
Armour
 b - a +0 robe (worn)
 m - a +0 helmet (worn)
Jewellery
 h - a ring of protection from cold
Scrolls
 g - a scroll of noise {unknown}
 j - 3 scrolls of identify {unknown}
Potions
 c - a potion of magic
 d - 2 potions of degeneration {unknown}
 f - a potion of lignification {unknown}
 i - a potion of curing {unknown}
 k - a potion of cancellation {unknown}
 l - 2 potions of invisibility {unknown}
 n - a potion of mutation {unknown}


   Skills:
 - Level 1.5 Dodging
 - Level 2.1 Stealth
 * Level 3.3 Spellcasting
 - Level 0.7 Transmutations
 + Level 4.3 Earth Magic


You had 7 spell levels left.
You knew the following spells:

 Your Spells              Type           Power      Damage    Failure   Level
a - Sandblast             Erth           34%        2d9       2%          1

Your spell library contained the following spells:

 Spells                   Type           Power      Damage    Failure   Level
 Passwall                 Tmut/Erth      9%         N/A       9%          2
 Stone Arrow              Conj/Erth      20%        3d8       21%         3
 Dazzling Flash           Conj/Hex       4%         N/A       45%         3
 Petrify                  Tmut/Erth      11%        N/A       52%         4
 Agony                    Necr           2%         N/A       99%         5
 Silence                  Hex/Air        1%         N/A       99%         5


Dungeon Overview and Level Annotations

Branches:
Dungeon (3/15)

Altars:
Qazlal


Innate Abilities, Weirdness & Mutations

You are immune to sickness and miasma.
Your stone body is resilient. (AC +3)
You are immune to poison.
You resist negative energy. (rN+)
You are resistant to electric shocks. (rElec)
You are resistant to unholy torment.
You are immune to petrification.


Message History

You hit the rat.
You kill the rat!
No target in view!
There is a stone staircase leading down here.
A kobold, an orc and an orc wizard come into view.
The kobold is wielding a +0 dagger and quivering poisoned darts.
The orc wizard shouts!
The orc shouts!
A bat comes into view.
An orc comes into view. It is wielding a +0 flail.
There are monsters nearby!
A rat comes into view.
The orc shouts!
The rat attacks as you move away! The rat barely misses you.
The kobold shouts!
The bat attacks as you move away! The bat closely misses you.
The bat hits you but does no damage.
The orc wizard hits you but does no damage.
The bat barely misses you.
You hit the bat.
The bat is poisoned.
The bat is heavily wounded.
You kill the bat!
You hit the rat.
You kill the rat!
The orc hits you from afar with a +0 trident.
The orc wizard casts a spell at you.
You are confused.
You are too confused!
You are too confused!
You are too confused!
You are too confused!
You are too confused!
You are too confused!
You bump into the rock wall.
The orc hits you but does no damage. The orc wizard casts a spell at you.
The puff of flame hits you!
Ouch! That really hurt!
* * * LOW HITPOINT WARNING * * *
You bump into the rock wall.
The orc hits you from afar with a +0 trident.
You die...

#.## #.# #.##. ######.# #.#
## #.... #...##.# #.# ...
..... .......#
#.##########.## #.# .
...≈#### #..............
≈≈..#########..#######....≈
≈...>..........# #......
....#########.######.......
##.## #...@oo..≈..... ####
######o.≈≈$.... #..........
#.......... #........##
#≈......## #≈≈.....#
.≈......# ........#


You could see an orc wizard and 2 orcs.

Vanquished Creatures
  A worm (D:2)
  A dart slug (D:2)
  2 ball pythons
  7 bats
  8 endoplasms
  A giant cockroach (D:1)
  4 goblins
  6 hobgoblins
  3 jackals (D:3)
  2 quokkas (D:1)
  3 frilled lizards
  2 kobolds (D:2)
  4 rats
44 creatures vanquished.

Notes
Turn   | Place    | Note
-------+----------+-------------------------------------------
     0 | D:1      | Crownlay the Gargoyle Earth Elementalist began the quest
                  | for the Orb.
     0 | D:1      | Reached XP level 1. HP: 10/10 MP: 3/3
   324 | D:1      | Reached XP level 2. HP: 14/15 MP: 5/5
   836 | D:1      | Reached skill level 4 in Earth Magic
  1188 | D:2      | Reached XP level 3. HP: 18/19 MP: 7/7
  1761 | D:2      | Found a stormy altar of Qazlal.
  2500 | D:3      | Slain by an orc

Illustrated notes

Levels and vault maps discovered:
D:1:      lightli_arrival_windingriver, layout_basic
D:2:      layout_basic, basic_altar, kennysheep_generic_room_13
D:3:      layout_loops_ring, kennysheep_decorative_pillar, grunt_ministairs_10,
          chequers_serial_rivers_micro_c, uniq_natasha

Skill      XL: |  1  2  3 |
---------------+----------+-----
Earth Magic    | 4 |  4.3
Spellcasting   | 3 |  3.3
Dodging        | |  1.5
Stealth        | |  2.1
Transmutations | |  0.7

Action                   || total
-------------------------++-------
Melee: Short sword       ||   116
       Dagger            ||     3
 Cast: Sandblast         ||     5
 Stab: Sleeping          ||     7
Armor: Robe              ||    48
Dodge: Dodged            ||    88

Table legend: (Time is in decaauts)
 A = Elapsed time spent in this place.
 B = Non-inter-level travel time spent in this place.
 C = Inter-level travel time spent in this place.
 D = Time resting spent in this place.
 E = Time spent auto-exploring this place.
 F = Levels seen in this place.
 G = Mean time per level.
                   A        B        C        D        E       F      G
               +--------+--------+--------+--------+--------+-----+--------+
         Total |   2511 |   2439 |     72 |      0 |   2045 |   3 |  837.0 |
       Dungeon |   2511 |   2439 |     72 |      0 |   2045 |   3 |  837.0 |
               +--------+--------+--------+--------+--------+-----+--------+

Top non-repeatable levels by time:
     D:1: 1185 daAuts
     D:2: 917 daAuts
     D:3: 408 daAuts
